 Dungeon Sprint DCSS version 0.23.2-1-ga50397a6bc (webtiles) character file.

Game seed: 7985083826915996423

2800000 Grohoret the Hellbinder (level 22, -46/233 HPs)
             Began as a Black Draconian Summoner on May 17, 2019.
             Was the Champion of Makhleb.
             Annihilated by a destroyer
             ... wielding a +9 great sword of slicing
              (54 damage)
             ... in the Dungeon (Sprint VIII: "Arena of Blood").
             The game lasted 00:03:18 (28 turns).

Grohoret the Hellbinder (Black Draconian Summoner)    Turns: 28, Time: 00:03:19

Health: -46/233    AC: 11    Str: 17    XL:     22   Next: 44%
Magic:  9/53       EV: 31    Int: 17    God:    Makhleb [******]
Gold:   0          SH:  0    Dex: 14    Spells: 74/75 levels left

rFire    . . .     SeeInvis .   a - +∞ Axe of Woe
rCold    . . .     Gourm    .   (shield currently unavailable)
rNeg     . . .     Faith    .   (armour unavailable)
rPois    .         Spirit   .   (helmet restricted)
rElec    +         Reflect  .   (no cloak)
rCorr    .         Harm     .   (no gloves)
MR       +....     NoTele   +   (no boots)
Stlth    +++++++++.             (no amulet)
HPRegen  0.48/turn              (no ring)
MPRegen  0.33/turn              (no ring)

@: no status effects
A: breathe lightning, unfitting armour, big wings, electricity resistance,
cold-blooded, AC +11
a: Breathe Lightning, Fly, Minor Destruction, Lesser Servant of Makhleb, Major
Destruction, Greater Servant of Makhleb, Renounce Religion


You were in the Dungeon.
You worshipped Makhleb.
Makhleb was exalted by your worship.
You were not hungry.

You visited 1 branch

Inventory:

Hand Weapons
 a - the +∞ Axe of Woe (weapon)
   (You found it in the Dungeon)
Scrolls
 h - a scroll of blinking
Potions
 c - a potion of curing
 d - a potion of heal wounds
 e - a potion of haste
 f - 2 potions of magic
 g - a potion of berserk rage
Comestibles
 b - a ration


   Skills:
 O Level 27 Fighting
 O Level 27 Axes
 O Level 27 Throwing
 O Level 27 Dodging
 O Level 27 Stealth
 O Level 27 Unarmed Combat
 O Level 27 Spellcasting
 O Level 27 Summonings
 O Level 27 Invocations


You had 74 spell levels left.
You knew the following spells:

 Your Spells              Type           Power        Failure   Level  Hunger
a - Summon Small Mammal   Summ           ####         0%          1    None

Your spell library contained the following spells:

 Spells                   Type           Power        Failure   Level  Hunger
 Call Imp                 Summ           #######.     0%          2    None
 Call Canine Familiar     Summ           #######.     0%          3    None
 Summon Guardian Golem    Hex/Summ       ######..     1%          3    None
 Summon Ice Beast         Ice/Summ       ######..     1%          4    None
 Summon Lightning Spire   Summ/Air       ######..     1%          4    None


Dungeon Overview and Level Annotations

Branches:
Dungeon (1/1)

Altars:
Makhleb


Innate Abilities, Weirdness & Mutations

You can breathe wild blasts of lightning.
Your glossy black scales are hard. (AC +11)
You cannot fit into any form of body armour.
Your large and strong wings let you fly indefinitely.
You are resistant to electric shocks. (rElec)
You are cold-blooded and may be slowed by cold attacks.


Message History

A bag of meat comes into view. It is wielding a +9 war axe. x2
You hear a shout!
The bag of meat is engulfed in blazing flames.
A bag of meat comes into view. It is wielding a +9 war axe. x2
A large bag of meat comes into view. It is wielding a +9 giant spiked club.
The bag of meat moves out of view.
The bag of meat shouts!
The eight-headed meat hydra roars!
The bag of meat shouts!
A meat berserker comes into view.
It is wielding a +9 battleaxe. 5 orcs, an ogre and a vampire knight come into view.
The destroyer is wielding a +9 great sword of slicing.
The bag of meat shouts!
You hear a shout!
The meat berserker shouts!
You hear a shout! x3
The bag of meat is engulfed in blazing flames.
You hear a shout!
The meat berserker rages.
The destroyer hits you with a +9 great sword of slicing!!!!!
Ouch! That really hurt!
* * * LOW HITPOINT WARNING * * *
You die...

.. .. o#.. ....#.. ..# .
Oo.#.... #... ..# o.
#o.....###o.. ..###.
..O............###......
.ooz...#....o..._.....
.V..O#.......#.....#
#D....V..o.#_.<._# .
...#.@Oo§§§#.....#....
.....oO#.)§oo.))_.......
oo...OOoo).)O).###...o..
.Ooo..O..o###)))....###.
oo......o.. #.......#
.Oo.V...O...#.......#
o.o#...........o......
o.#.#.#...............
o#.#.o..............


You could see an eight-headed meat hydra, 3 destroyers, a sculptor of flesh, 2
large bags of meat, 10 meat berserkers and 26 bags of meat.

Vanquished Creatures
  A vampire knight (D)
  11 ogres (D)
  A two-headed ogre (D)
  14 orcs (D)
27 creatures vanquished.

Notes
Turn   | Place    | Note
-------+----------+-------------------------------------------
     0 | D        | Found the +∞ Axe of Woe
     0 | D        | Grohoret the Draconian Summoner began the quest for the
                  | Orb.
     0 | D        | Reached XP level 1. HP: 14/14 MP: 3/3
     2 | D        | Noticed a meat berserker
     2 | D        | Noticed a bag of meat
     3 | D        | Noticed a bag of meat
     3 | D        | Noticed a bag of meat
     4 | D        | Became a worshipper of Makhleb the Destroyer
     5 | D        | Noticed a bag of meat
     6 | D        | Noticed a bag of meat
     7 | D        | Killed a meat berserker
     7 | D        | Reached skill level 10 in Spellcasting
     7 | D        | Reached XP level 2. HP: 20/20 MP: 3/13
     7 | D        | Reached XP level 3. HP: 26/26 MP: 3/14
     7 | D        | Reached XP level 4. HP: 33/33 MP: 3/16
     7 | D        | Reached XP level 5. HP: 38/38 MP: 3/17
     7 | D        | Reached XP level 6. HP: 45/45 MP: 3/19
     7 | D        | Your scales start taking on a glossy black colour.
     7 | D        | Reached XP level 7. HP: 50/50 MP: 3/20
     7 | D        | Gained mutation: You are resistant to electric shocks.
                  | (rElec) [Black Draconian growth]
     7 | D        | Reached XP level 8. HP: 57/57 MP: 3/22
     7 | D        | Reached XP level 9. HP: 62/62 MP: 3/23
     7 | D        | Reached XP level 10. HP: 69/69 MP: 3/24
     7 | D        | Reached XP level 11. HP: 74/74 MP: 3/25
     7 | D        | Reached XP level 12. HP: 81/81 MP: 3/26
     7 | D        | Reached XP level 13. HP: 86/86 MP: 3/27
     7 | D        | Noticed a meat berserker
     7 | D        | Noticed a bag of meat
     7 | D        | Noticed a meat berserker
     8 | D        | Killed a bag of meat
     8 | D        | Reached * piety under Makhleb
     8 | D        | Noticed a bag of meat
     9 | D        | Killed a bag of meat
     9 | D        | Reached skill level 10 in Fighting
     9 | D        | Reached skill level 27 in Summonings
     9 | D        | Gained mutation: Your large and strong wings let you fly
                  | indefinitely. [Black Draconian growth]
     9 | D        | Reached XP level 14. HP: 121/121 MP: 3/30
     9 | D        | Noticed a bag of meat
     9 | D        | Noticed a bag of meat
     9 | D        | Noticed a meat berserker
     9 | D        | Noticed a bag of meat
     9 | D        | Noticed a bag of meat
    10 | D        | Killed a bag of meat
    10 | D        | Killed a meat berserker
    10 | D        | Reached ** piety under Makhleb
    10 | D        | Reached skill level 15 in Fighting
    10 | D        | Reached skill level 15 in Axes
    10 | D        | Reached skill level 15 in Dodging
    10 | D        | Reached XP level 15. HP: 95/141 MP: 4/35
    10 | D        | Killed a meat berserker
    10 | D        | Reached XP level 16. HP: 157/157 MP: 4/37
    10 | D        | Noticed a meat berserker
    10 | D        | Noticed a meat berserker
    10 | D        | Noticed a meat berserker
    11 | D        | Reached *** piety under Makhleb
    12 | D        | Reached XP level 17. HP: 172/172 MP: 4/40
    13 | D        | Noticed a meat berserker
    13 | D        | Killed a meat berserker
    13 | D        | Killed a meat berserker
    13 | D        | Reached **** piety under Makhleb
    13 | D        | Reached XP level 18. HP: 190/190 MP: 5/44
    14 | D        | Killed a meat berserker
    14 | D        | Noticed a meat berserker
    15 | D        | Reached ***** piety under Makhleb
    15 | D        | Reached XP level 19. HP: 205/205 MP: 5/46
    15 | D        | Killed a meat berserker
    15 | D        | Reached skill level 27 in Fighting
    16 | D        | Noticed a destroyer
    18 | D        | Reached skill level 27 in Axes
    18 | D        | Killed a meat berserker
    18 | D        | Reached skill level 27 in Dodging
    18 | D        | Reached XP level 20. HP: 216/216 MP: 6/47
    19 | D        | Noticed a meat berserker
    19 | D        | Noticed a meat berserker
    20 | D        | Noticed a large bag of meat
    21 | D        | Killed a meat berserker
    21 | D        | Reached skill level 27 in Invocations
    21 | D        | Reached skill level 10 in Unarmed Combat
    22 | D        | Noticed a meat berserker
    23 | D        | Noticed a large bag of meat
    23 | D        | Noticed a meat berserker
    23 | D        | Noticed a destroyer
    23 | D        | Noticed a meat berserker
    24 | D        | Killed a large bag of meat
    24 | D        | Reached skill level 15 in Throwing
    24 | D        | Reached skill level 27 in Stealth
    24 | D        | Reached XP level 21. HP: 158/224 MP: 8/51
    24 | D        | Reached ****** piety under Makhleb
    24 | D        | Reached skill level 27 in Spellcasting
    25 | D        | Killed a destroyer
    25 | D        | Reached skill level 27 in Throwing
    25 | D        | Reached skill level 27 in Unarmed Combat
    25 | D        | Reached XP level 22. HP: 233/233 MP: 8/53
    26 | D        | Noticed a destroyer
    27 | D        | Noticed a large bag of meat
    28 | D        | Noticed a destroyer
    28 | D        | HP: 8/233 [destroyer/+9 great sword of slicing (176)]
    28 | D        | Annihilated by a destroyer

Skill      XL: |  1  2  3  4  5  6  7  8  9 10 11 12 13 14 15 16 17 18 19 20 21 |
---------------+----------------------------------------------------------------+-----
Axes           | 6 11 15 17 19 22 25 27 | 27.0
Dodging        | 9 12 15 17 19 21 24 27 | 27.0
Stealth        | 9 12 16 18 20 23 24 27 | 27.0
Spellcasting   | 10 12 16 17 19 22 23 26 27 | 27.0
Summonings     | 26 27 | 27.0
Fighting       | 10 15 17 20 23 26 27 | 27.0
Invocations    | 8 23 27 | 27.0
Throwing       | 15 27 | 27.0
Unarmed Combat | 16 27 | 27.0

Action                   |  1- 3 |  4- 6 |  7- 9 | 10-12 | 13-15 | 16-18 | 19-21 | 22-24 || total
-------------------------+-------+-------+-------+-------+-------+-------+-------+-------++-------
Melee: Executioner's axe |     1 |       |       |       |     3 |     5 |     4 |       ||    13
Dodge: Dodged            |       |       |       |       |     1 |     1 |     3 |     1 ||     6
